 Dungeon Crawl Stone Soup version 0.29-a0-25-g7f48f510a0 (webtiles) character file.

Game seed: 17573906610073195663

193 dolemite99 the Chopper (level 5, -6/45 HPs)
             Began as a Minotaur Monk on Feb 1, 2022.
             Was an Elder of Lugonu.
             Splashed by a jelly's acid (8 damage)
             ... on level 4 of the Dungeon.
             The game lasted 00:03:17 (4290 turns).

dolemite99 the Chopper (Minotaur Monk)              Turns: 4290, Time: 00:03:18

Health: -6/45      AC: -3    Str: 16 (17) XL:     5   Next: 43%
Magic:  4/4        EV:  7    Int:  6 (7)  God:    Lugonu [****..]
Gold:   149        SH:  0    Dex: 12 (13) Spells: 4/4 levels left

rFire   . . .      SeeInvis .   a - +0 hand axe
rCold   . . .      Faith    .   (no shield)
rNeg    . . .      Spirit   .   y - +0 chain mail
rPois   .          Reflect  .   (helmet restricted)
rElec   .          Harm     .   (no cloak)
rCorr   .          Rampage  .   h - +0 pair of gloves
Will    .....                   (no boots)
Stlth   ..........              (no amulet)
HPRegen 0.15/turn               (no ring)
MPRegen 0.09/turn               (no ring)

@: corroded
A: horns 2, retaliatory headbutt
a: Renounce Religion, Depart the Abyss, Bend Space, Banish, Corrupt


You were on level 4 of the Dungeon.
You worshipped Lugonu.
Lugonu was greatly pleased with you.
You visited 1 branch of the dungeon, and saw 4 of its levels.

You collected 149 gold pieces.

Inventory:

Hand Weapons
 a - a +0 hand axe (weapon)
 i - a +0 hunting sling
 r - a +2 short sword of draining
Missiles
 c - 76 stones (quivered)
 d - 16 sling bullets
 g - 22 arrows
 k - 33 bolts
Armour
 b - a +0 robe
 h - a +0 pair of gloves (worn)
 j - a +0 scale mail
 y - a +0 chain mail (worn)
Magical Staves
 v - a staff of cold
Scrolls
 e - 2 scrolls of vulnerability {unknown}
 f - a scroll of enchant armour {unknown}
 l - 3 scrolls of teleportation {unknown}
 n - a scroll of identify {unknown}
 p - a scroll of enchant weapon {unknown}
 u - a scroll of blinking {unknown}
 x - 2 scrolls of magic mapping {unknown}
Potions
 m - 2 potions of might {unknown}
 o - a potion of magic {unknown}
 q - a potion of brilliance {unknown}
 s - a potion of lignification {unknown}
 t - a potion of degeneration
 w - a potion of mutation {unknown}


   Skills:
 - Level 3.6 Fighting
 + Level 7.5 Axes
 - Level 3.2 Dodging
 - Level 1.5 Stealth


You had 4 spell levels left.
You didn't know any spells.
Your spell library contained the following spells:

 Spells                   Type           Power      Damage    Failure   Level
 Pain                     Necr           0%         1d4       100%        1


Dungeon Overview and Level Annotations

Branches:
Dungeon (4/15)
 Temple: D:4-7

Altars:
Vehumet
Lugonu

Annotations:
D:2 1 runed translucent door, Crazy Yiuf


Innate Abilities, Weirdness & Mutations

You have a pair of horns on your head.
You reflexively headbutt those who attack you in melee.


Message History

Found a club.
You feel sick.
c - 68 stones (gained 1)
You feel sick.
You start resting.
You feel sick. x3
You are no longer poisoned.
Key pressed, stopping explore.
HP restored.
Found a stone staircase leading down.
You see here a +0 club.
k - 33 bolts (gained 13)
You open the door.
There is an open door here.
There is an open door here.
c - 76 stones (gained 8)
You now have 137 gold pieces (gained 12).
You now have 149 gold pieces (gained 12).
l - 3 scrolls labelled XIPEIWKEOMO (gained 1)
A jelly comes into view.
The jelly quivers.
Found a hand axe.
The jelly hits you. The acid corrodes you!
You are splashed with acid!
You hit the jelly but do no damage. The acid corrodes you!
Your hands burn!
The jelly hits you. The acid corrodes you!
You are splashed with acid!
You are too injured to fight recklessly!
You are too injured to fight recklessly!
You hit the jelly.
Your hands burn!
You headbutt the jelly.
The jelly is moderately wounded.
You hit the jelly but do no damage.
Your hands burn!
The jelly is moderately wounded.
The jelly hits you.
* * * LOW HITPOINT WARNING * * *
You are splashed with acid!
* * * LOW HITPOINT WARNING * * *
It was a potion of degeneration.
There was something very wrong with that liquid.
You feel weakened.
You feel dopey.
You feel clumsy. The jelly hits you.
* * * LOW HITPOINT WARNING * * *
The acid corrodes you!
You are splashed with acid!
You die...

# #.......## #
#........# ##
#........# #.
#........# ##
#.)......## #
#......... #
#..J...# #
#...@..#..# #
##.#...##...
#...#### #..#
##....## ..##
#.....## #..#
###....###..#
####.....#..##
#.........#..#
#............#


You could see a jelly.

Vanquished Creatures
  An orc wizard (D:4)
  3 hound skeletons (D:4)
  7 adders
  A dart slug (D:4)
  4 orcs
  5 ball pythons
  6 endoplasms
  3 giant cockroaches
  10 goblins
  2 hobgoblins (D:3)
  4 jackals
  2 quokkas
  4 bats
  3 frilled lizards
  8 kobolds
  A rat (D:1)
64 creatures vanquished.

Vanquished Creatures (others)
  3 fungi (D:4)
3 creatures vanquished.

Grand Total: 67 creatures vanquished

Notes
Turn   | Place    | Note
-------+----------+-------------------------------------------
     0 | D:1      | dolemite99 the Minotaur Monk began the quest for the Orb.
     0 | D:1      | Reached XP level 1. HP: 19/19 MP: 0/0
    17 | D:1      | Reached skill level 4 in Axes
   724 | D:1      | Reached XP level 2. HP: 26/26 MP: 1/1
   820 | D:1      | Found a faded altar of an unknown god.
   832 | D:1      | Got Plato's Papyrus of Black Rituals
   835 | D:1      | Prayed at the altar of an unknown god.
   835 | D:1      | Became a worshipper of Lugonu the Unformed
   835 | D:1      | Reached * piety under Lugonu
   835 | D:1      | Reached ** piety under Lugonu
   835 | D:1      | Reached *** piety under Lugonu
  1288 | D:2      | Reached skill level 5 in Axes
  1512 | D:2      | Reached XP level 3. HP: 31/31 MP: 2/2
  2106 | D:2      | Found a runed translucent door.
  2107 | D:2      | Noticed Crazy Yiuf
  2853 | D:3      | Reached XP level 4. HP: 39/39 MP: 3/3
  3082 | D:4      | Reached skill level 6 in Axes
  3185 | D:4      | Reached **** piety under Lugonu
  3615 | D:4      | Found a radiant altar of Vehumet.
  3627 | D:4      | Reached skill level 7 in Axes
  3627 | D:4      | Reached XP level 5. HP: 45/45 MP: 4/4
  4290 | D:4      | HP: 2/45 [jelly (2)]
  4290 | D:4      | Splashed by a jelly's acid

Illustrated notes

Levels and vault maps discovered:
D:1:      lightli_iron_boxes, layout_rooms, shapermc_ecumenical_altar_rom_forum,
          minmay_pentomino_r2
D:2:      layout_loops_ring, serial_glass, glass_columns_a, glass_columns_a,
          uniq_crazy_yiuf_cottage
D:3:      layout_basic, ebering_dispersal_statue_hall, roderic_st_hans_cross,
          kennysheep_cross_room
D:4:      layout_cave_pods, serial_park, serial_park_gazebo
          [serial_park_minivault_5x5_6], serial_park_tiny_2,
          serial_park_square2, serial_park_tiny_pond, serial_park_avenue1,
          minmay_crystal_room, minmay_mini_jars

Skill      XL: |  1  2  3  4 |
---------------+-------------+-----
Axes           | 4 5 7 |  7.5
Fighting       | |  3.6
Dodging        | |  3.2
Stealth        | |  1.5

Action                   |  1- 3 |  4- 6 || total
-------------------------+-------+-------++-------
Melee: Hand axe          |    89 |    80 ||   169
       Headbutt          |    11 |    13 ||    24
       Punch             |     1 |     2 ||     3
Throw: Stone             |    28 |     2 ||    30
  Use: Potion            |       |     1 ||     1
Armor: Robe              |    16 |       ||    16
       Scale mail        |    18 |    20 ||    38
       Chain mail        |       |    21 ||    21
Dodge: Dodged            |    66 |    25 ||    91

Table legend: (Time is in decaauts)
 A = Elapsed time spent in this place.
 B = Non-inter-level travel time spent in this place.
 C = Inter-level travel time spent in this place.
 D = Time resting spent in this place.
 E = Time spent auto-exploring this place.
 F = Levels seen in this place.
 G = Mean time per level.
                   A        B        C        D        E       F      G
               +--------+--------+--------+--------+--------+-----+--------+
         Total |   4295 |   4242 |     53 |   1098 |   2492 |   4 | 1073.8 |
       Dungeon |   4295 |   4242 |     53 |   1098 |   2492 |   4 | 1073.8 |
               +--------+--------+--------+--------+--------+-----+--------+

Top non-repeatable levels by time:
     D:4: 1216 daAuts
     D:1: 1135 daAuts
     D:2: 1058 daAuts
     D:3: 885 daAuts
